 Dungeon Crawl Stone Soup version 0.17-a0-1946-gfb768fe (webtiles) character file.

12978 shakdrar the Spear-Bearer (level 12, -1/97 HPs)
             Began as a Formicid Fighter on Oct 1, 2015.
             Was a Believer of Ashenzari.
             Slain by a centaur skeleton (4 damage)
             ... on level 12 of the Dungeon.
             The game lasted 01:02:35 (13055 turns).

shakdrar the Spear-Bearer (Formicid Fighter)       Turns: 13055, Time: 01:02:36

Health: -1/97      AC: -2    Str: 24    XL:     12   Next: 27%
Magic:  12/12      EV:  8    Int:  9    God:    Ashenzari [**....]
Gold:   544        SH: 13    Dex: 11    Spells: 0 memorised, 11 levels left

rFire  . . .     SeeInvis +     z - +2 halberd (venom)
rCold  . . .     Clarity  .     D - +0 chain mail
rNeg   . . .     SustAt   +     c - +1 shield
rPois  .         Gourm    +     (helmet unavailable)
rElec  .         Spirit   .     v - +2 cloak
rCorr  .         Warding  .     C - +1 pair of gloves
rMut   .         Stasis   +     (no boots)
MR     +....                    u - amulet of the gourmand
Stlth  ..........               o - ring of sustain attributes
                                (no ring)

@: corroded equipment, somewhat resistant to hostile enchantments, extremely
unstealthy
A: permanent stasis, dig shafts and tunnels, four strong arms, antennae 3
a: Dig, Shaft Self, Scrying, Renounce Religion


You were on level 12 of the Dungeon.
You worshipped Ashenzari.
Ashenzari was pleased with you.
You were very full.

You visited 1 branch of the dungeon, and saw 12 of its levels.
You also visited: Sewer and Ossuary.

You collected 544 gold pieces.

Inventory:

Hand weapons
 a - a +1 trident
 z - a +2 halberd of venom (weapon)
Armour
 c - a +1 shield (worn)
 k - a +0 plate armour
 v - a +2 cloak (worn)
 C - a +1 pair of gloves (worn)
 D - a +0 chain mail (worn)
Rods
 A - a +1 rod of clouds (10/10)
   (You found it on level 6 of the Dungeon)
Jewellery
 n - an uncursed ring of fire
 o - a ring of sustain attributes (right hand)
 r - an uncursed amulet of guardian spirit
 u - an amulet of the gourmand (around neck)
 J - an uncursed ring of magical power
Magical devices
 s - a wand of frost (3)
 t - a wand of flame (48)
 y - a wand of magic darts (31)
 V - a wand of lightning (5)
Scrolls
 g - 9 scrolls of remove curse
 j - 4 scrolls of magic mapping
 p - 3 scrolls of fog
 x - 2 scrolls of fear
 G - a scroll of amnesia
 I - a scroll of recharging
 M - 5 scrolls of identify
 O - a scroll of holy word
 T - a scroll of acquirement {unknown}
Potions
 b - 2 potions of mutation
 d - 5 potions of might
 f - 3 potions of agility
 i - 5 potions of curing
 l - 4 potions of haste
 q - 2 potions of lignification
 w - 3 potions of magic
 B - 2 potions of ambrosia
 F - a potion of heal wounds
 K - 3 potions of flight
 L - a potion of resistance {unknown}
 R - a potion of cancellation {unknown}
Books
 h - a book of Hinderance

   Spells                             Type                      Level
   a - Confusing Touch                Hexes                        2
   b - Confuse                        Hexes                        3
   c - Gell's Gravitas                Hexes/Translocation          3
   d - Petrify                        Transmutation/Earth          4
   e - Metabolic Englaciation         Hexes/Ice                    5
 Q - a book of Envenomations

   Spells                             Type                      Level
   a - Spider Form                    Transmutation/Poison         3
   b - Alistair's Intoxication        Transmutation/Poison         4
   c - Olgreb's Toxic Radiance        Poison                       4
   d - Poisonous Cloud                Conjuration/Poison/Air       6
 S - a book of Burglary

   Spells                             Type                      Level
   a - Swiftness                      Charms/Air                   2
   b - Passwall                       Transmutation/Earth          3
   c - Passage of Golubria            Translocation                4
   d - Lee's Rapid Deconstruction     Earth                        5
   e - Darkness                       Hexes                        6
   f - Invisibility                   Hexes                        6
 U - a book of Maledictions

   Spells                             Type                      Level
   a - Corona                         Hexes                        1
   b - Ensorcelled Hibernation        Hexes/Ice                    2
   c - Confuse                        Hexes                        3
   d - Tukima's Dance                 Hexes                        3
   e - Dazzling Spray                 Conjuration/Hexes            3
Comestibles
 e - 7 bread rations
 m - 2 meat rations
 E - 2 fruits
 H - 7 slices of pizza
 N - 3 beef jerkies
 P - a chunk of flesh


   Skills:
 + Level 9.8 Fighting
 * Level 12.0 Polearms
 + Level 9.9 Armour
 + Level 10.7 Shields


You had 11 spell levels left.
You didn't know any spells.

Dungeon Overview and Level Annotations

Branches:
Dungeon (12/15)            Temple (0/1) D:4
   Lair: D:8-11         Orc: D:9-12

Altars:
Ashenzari
Cheibriados
Dithmenos
Fedhas
Kikubaaqudgha
Nemelex Xobeh
Okawaru
Ru
Xom
Yredelemnul
Zin


Innate Abilities, Weirdness & Mutations

You are under a permanent stasis effect.
You can dig through walls and to a lower floor.
Your four strong arms can wield two-handed weapons with a shield.
You have a pair of large antennae on your head (SInv).


Message History

You hit the centaur skeleton but do no damage.
The centaur skeleton hits you.
* * * LOW HITPOINT WARNING * * *
The centaur skeleton hits you.
* * * LOW HITPOINT WARNING * * *
You hit the centaur skeleton but do no damage.
The centaur skeleton hits you!
* * * LOW HITPOINT WARNING * * *
You hit the centaur skeleton. The centaur skeleton hits you!
* * * LOW HITPOINT WARNING * * *
You slash the centaur skeleton! The centaur skeleton barely misses you.
You hit the centaur skeleton. The centaur skeleton hits you.
* * * LOW HITPOINT WARNING * * *
You puncture the centaur skeleton!
You block the centaur skeleton's attack.
The centaur skeleton hits you.
* * * LOW HITPOINT WARNING * * *
You hit the centaur skeleton but do no damage.
The centaur skeleton hits you.
You die...

, , #...<...........
#...............
#...............
###########.###..#####+#
*
#.........#.###..####...
#.........'........'....
,
#.........#........#....
, ,
+.........#........#....
##.....Z@..##>###+####†##
#.....##+####.##..####†#.
, , +....†#, ,
...........#. #.....# , #
..........#. #.....# ,
.........'. #.....+ ,,
........#. ,.......# ,* *
...###+##. ...#+####,,**
* ##+#...... , .Z. ,
,+......


You could see a centaur skeleton.

Vanquished Creatures
  An orc knight (D:11)
  A hill giant (D:11)
  A manticore (D:10)
  An ugly thing (D:12)
  Psyche (D:9)
  A kobold demonologist (D:11)
  2 trolls
  2 hogs (D:10)
  A hungry ghost (D:10)
  3 deep elf magi
  2 wyverns (D:11)
  A human (D:10)
  A hippogriff (D:11)
  15 yaks
  A water moccasin (D:9)
  Duvessa (D:5)
  An orc warrior (D:11)
  A necrophage (D:12)
  An eye of draining (D:10)
  3 black bears
  2 wasps
  2 phantoms
  7 ogres
  3 ice beasts
  8 centaurs
  Dowan (D:5)
  A water moccasin zombie (Ossuary)
  7 giant frogs
  A gnoll sergeant (D:7)
  15 killer bees
  3 scorpions
  The ghost of HungrySpirit the Changer, a weakling DrTm (D:6)
  6 crimson imps
  10 bog bodies (Ossuary)
  8 hounds
  A centaur zombie (D:9)
  A gnoll shaman (D:6)
  3 giant frog zombies
  4 orc priests
  3 jellies
  2 giant frog skeletons
  4 centaur skeletons
  5 orc wizards
  A sheep (D:10)
  5 worker ants
  4 iguanas
  A killer bee zombie (D:9)
  6 hound zombies
  3 hound skeletons
  2 worker ant zombies (Ossuary)
  3 mummies (Ossuary)
  9 adders
  12 gnolls
  5 shadow imps
  A river rat (D:3)
  3 adder zombies
  3 adder skeletons
  4 worms (D:2)
  7 giant geckos
  17 orcs
  11 giant cockroaches
  2 goblins
  5 hobgoblins (D:2)
  23 jackals
  10 kobolds
  8 quokkas
  4 ball pythons
  10 bats
  A giant cockroach zombie (Ossuary)
  15 giant newts
  2 quokka zombies (Ossuary)
  7 rats
  4 plants
327 creatures vanquished.

Vanquished Creatures (others)
  4 plants (Ossuary)
4 creatures vanquished.

Grand Total: 331 creatures vanquished

Notes
Turn   | Place    | Note
--------------------------------------------------------------
     0 | D:1      | shakdrar the Formicid Fighter began the quest for the Orb.
     0 | D:1      | Reached XP level 1. HP: 18/18 MP: 1/1
   143 | D:1      | Reached XP level 2. HP: 24/24 MP: 2/2
   608 | D:1      | Reached XP level 3. HP: 29/29 MP: 3/3
   960 | D:2      | Reached skill level 4 in Shields
  1016 | D:2      | Found a shattered altar of Ashenzari.
  1032 | D:2      | Became a worshipper of Ashenzari the Shackled
  1386 | D:2      | Reached XP level 4. HP: 35/37 MP: 4/4
  1795 | D:3      | Found a snail-covered altar of Cheibriados.
  1889 | D:3      | Found a glowing drain.
  1935 | Sewer    | Entered a sewer
  1968 | Sewer    | Reached XP level 5. HP: 42/42 MP: 5/5
  3154 | D:3      | Found a faded altar to an unknown god.
  3622 | D:4      | Found a staircase to the Ecumenical Temple.
  3636 | D:4      | Reached XP level 6. HP: 45/48 MP: 6/6
  4429 | D:5      | Entered Level 5 of the Dungeon
  4448 | D:5      | Reached skill level 5 in Shields
  4495 | D:5      | Found a blossoming altar of Fedhas.
  4552 | D:5      | Noticed an ice beast
  4565 | D:5      | Killed an ice beast
  4565 | D:5      | Reached XP level 7. HP: 55/55 MP: 7/7
  4760 | D:6      | Acquired Ashenzari's first power
  4787 | D:6      | Reached skill level 5 in Armour
  4803 | D:6      | Noticed HungrySpirit's ghost (weakling DrTm)
  4817 | D:6      | Killed HungrySpirit's ghost
  4817 | D:6      | Reached skill level 5 in Polearms
  4946 | D:6      | Reached skill level 5 in Fighting
  5430 | D:6      | Reached XP level 8. HP: 62/62 MP: 8/8
  5484 | D:6      | Found a shimmering altar of Xom.
  5739 | D:6      | Reached skill level 6 in Shields
  5914 | D:5      | Found an ancient bone altar of Kikubaaqudgha.
  5920 | D:5      | Found an iron altar of Okawaru.
  5967 | D:5      | Found a shadowy altar of Dithmenos.
  5968 | D:5      | Found a basalt altar of Yredelemnul.
  5972 | D:5      | Found a sacrificial altar of Ru.
  6048 | D:5      | Noticed Duvessa
  6049 | D:5      | Noticed Dowan
  6061 | D:5      | Killed Duvessa
  6075 | D:5      | Found a sparkling altar of Nemelex Xobeh.
  6076 | D:5      | Killed Dowan
  6451 | D:7      | Found a basalt altar of Yredelemnul.
  6530 | D:7      | Found a sand-covered staircase.
  6664 | D:7      | Reached XP level 9. HP: 69/69 MP: 9/9
  6743 | Ossuary  | Entered an ossuary
  6822 | Ossuary  | Reached skill level 7 in Polearms
  7964 | D:7      | Reached skill level 8 in Polearms
  8674 | D:8      | Reached XP level 10. HP: 59/79 MP: 10/10
  9187 | D:8      | Reached skill level 9 in Polearms
  9446 | D:9      | Found a sparkling altar of Nemelex Xobeh.
  9976 | D:9      | Found a glowing silver altar of Zin.
 10104 | D:9      | Reached skill level 10 in Polearms
 10385 | D:9      | Reached XP level 11. HP: 86/86 MP: 11/11
 10428 | D:9      | Noticed Psyche
 10440 | D:9      | Killed Psyche
 10872 | D:9      | Acquired Ashenzari's second power
 11172 | D:10     | Entered Level 10 of the Dungeon
 11172 | D:10     | Noticed a manticore
 11470 | D:10     | Found a sacrificial altar of Ru.
 11566 | D:10     | Killed a manticore
 11566 | D:10     | Reached skill level 11 in Polearms
 12103 | D:10     | Reached skill level 10 in Shields
 12261 | D:11     | Noticed a hill giant
 12274 | D:11     | Killed a hill giant
 12374 | D:11     | Noticed an eight-headed hydra
 12382 | D:11     | You fall through a shaft!
 12582 | D:11     | Noticed an orc knight
 12619 | D:11     | Reached XP level 12. HP: 89/96 MP: 12/12
 12625 | D:11     | Killed an orc knight
 13008 | D:12     | Noticed a brown ugly thing
 13011 | D:12     | Reached skill level 12 in Polearms
 13029 | D:12     | Killed a brown ugly thing
 13053 | D:12     | HP: 3/97 [centaur skeleton (3)]
 13055 | D:12     | Slain by a centaur skeleton

Vault maps used:
D:1:      ncdulo_halloftheorcs
D:2:      old_standard_altar, minmay_misc_feat_secret_circle
D:3:      cheibriados_altar_1, portal_sewer_entry_b, first_bread,
          ecumenical_altar_2
D:4:      temple_fountains
D:5:      okawaru_metal_pillars_1_2, old_standard_altar,
          nicolae_overflow_crystal_walls, minitemple, basic_altar, uniq_duvessa
D:6:      xom_butterflies
D:7:      nicolae_ossuary_entry_false_entrances, basic_altar
D:8:      centaur_isle
D:9:      lemuel_doored_altar, nicolae_overflow_hidden_temple, uniq_psyche
D:10:     kennysheep_big_flooded_room, grunt_livestock, hangedman_ru_absence
D:11:     hangedman_cross_cluster, orc_0_dummy
D:12:     basic_altar, guppyfry_shop_blood
Sewer:    sewer_co_scattered_pipes
Ossuary:  ossuary_zaba_flooded

Action                   |  1- 3 |  4- 6 |  7- 9 | 10-12 || total
-------------------------+-------+-------+-------+-------++-------
Melee: Trident           |   191 |   456 |    68 |       ||   715
       Halberd           |       |       |   360 |   539 ||   899
 Abil: Dig               |       |     1 |     2 |     8 ||    11
       Shaft Self        |       |       |       |     1 ||     1
  Use: Scroll            |       |    14 |     7 |     6 ||    27
       Potion            |       |       |     2 |     3 ||     5
  Eat: Chunk             |     1 |    10 |    11 |    26 ||    48
       Meat ration       |       |     1 |       |       ||     1
       Beef jerky        |       |       |     1 |       ||     1
       Royal jelly       |       |       |     1 |       ||     1
